AoeStats
← leogepeto

Black Forest

506532751Analyzed
1v1 RM · 19d ago on Sep 13, 2026· 48m 21s· 2 players
Game mode
Random Map
Map size
Tiny (2 player)
Population
200
Speed
Normal
Resources
Standard
Victory
Conquest
Starting age
Dark Age
Ending age
Imperial Age
RankedLock teamsTeams togetherTeam positionsShared explorationLock speedFull tech treeHidden civsTurbo modeCheats
Victory
Defeat
🇧🇷 Goths · Brazil
826
+15
🇨🇦 Celts · Canada
806
-15
Your Ego
0:29 Loom
12:31 Feudal Age
13:05 Double-Bit Axe
13:29 Fishing Lines
16:11 Wheelbarrow
23:01 Castle Age
23:55 Bow Saw
24:39 Gillnets
26:55 Horse Collar
27:10 Arson
28:38 Forging
29:51 Heavy Plow
34:48 Imperial Age
32:49 Hand Cart
32:23 Gambesons
34:18 Ballistics
34:13 Fortified Wall
34:38 Crossbowman
35:18 Heated Shot
35:24 Murder Holes
35:53 Stronghold
35:35 Sappers
36:40 Hoardings
36:20 Padded Archer Armor
36:10 Fletching
36:23 Fletching
36:45 Heavy Scorpion
37:53 Town Watch
38:34 Furor Celtica
40:21 Chemistry
40:32 Elite Woad Raider
41:00 Pikeman
44:12 Arrowslits
44:36 Husbandry
43:57 Cavalier
45:32 Iron Casting
45:03 Scale Barding Armor
45:22 Scale Mail Armor
46:04 Conscription
46:20 Hoardings
45:48 Light Cavalry
leogepeto
0:35 Loom
10:14 Feudal Age
10:44 Double-Bit Axe
10:47 Town Watch
11:56 Horse Collar
19:28 Castle Age
18:13 Stone Mining
18:43 Forging
18:33 Scale Mail Armor
19:20 Man-at-Arms
20:12 Heavy Plow
20:48 Wheelbarrow
20:26 Bow Saw
22:22 Stone Shaft Mining
21:12 Long Swordsman
22:45 Gold Mining
31:40 Imperial Age
31:30 Iron Casting
31:10 Chain Mail Armor
30:18 Pikeman
31:30 Ballistics
33:21 Crop Rotation
32:44 Two-Handed Swordsman
34:02 Perfusion
35:35 Blast Furnace
36:01 Chemistry
36:01 Squires
35:24 Elite Huskarl
37:17 Anarchy
38:48 Two-Man Saw
37:23 Halberdier
39:11 Conscription
40:26 Champion
Connection lost

Rejoining the realm…

Still unreachable

The connection could not be restored.

Session expired

The server has moved on; the page needs a fresh start.